 Dungeon Crawl Stone Soup version 0.25-a0-766-g0ecfff5 (webtiles) character file.

Game seed: 5417023657104776835, levelgen mode: deterministic

149 BeowulfAlex the Digger (level 5, -2/30 HPs)
             Began as a Gargoyle Earth Elementalist on Apr 13, 2020.
             Slain by a slave (3 damage)
             ... led by Pikel
             ... on level 4 of the Dungeon.
             The game lasted 00:06:49 (4060 turns).

BeowulfAlex the Digger (GrEE)                       Turns: 4060, Time: 00:06:50

Health: -2/30      AC:  9    Str: 12    XL:     5   Next: 31%
Magic:  0/9        EV: 12    Int: 16    God:
Gold:   199        SH:  0    Dex: 10    Spells: 5/9 levels left

rFire    + . .     SeeInvis +   q - +0 mace (pain)
rCold    + . .     Gourm    .   (no shield)
rNeg     + . .     Faith    .   s - +0 robe (curse)
rPois    ∞         Spirit   .   (no helmet)
rElec    +         Reflect  .   t - +2 cloak {MR+}
rCorr    +         Harm     .   (no gloves)
MR       +....                  (no boots)
Stlth    ++........             (no amulet)
HPRegen  0.10/turn              a - ring of see invisible
MPRegen  0.11/turn              (no ring)

@: resistant
A: negative energy resistance 1, electricity resistance, unbreathing,
petrification resistance, rot immunity, AC +4
a: no special abilities


You were on level 4 of the Dungeon.
You were near starving.

You visited 1 branch of the dungeon, and saw 4 of its levels.

You collected 199 gold pieces.

Inventory:

Hand Weapons
 e - a +0 short sword
 f - a +0 mace
 q - a +0 mace of pain (weapon)
Missiles
 b - 48 stones (quivered)
 l - 28 poisoned darts
Armour
 g - a +0 cloak
 n - a cursed +0 leather armour
 s - a cursed +0 robe (worn)
 t - a +2 cloak of magic resistance (worn)
Jewellery
 a - a ring of see invisible (left hand)
 h - an uncursed ring of fire
Scrolls
 i - a scroll of remove curse
 k - a scroll of immolation
Potions
 m - a potion of brilliance
 p - a potion of stabbing
Comestibles
 d - 8 rations


   Skills:
 + Level 2.1 Fighting
 - Level 1.5 Dodging
 - Level 2.1 Stealth
 + Level 2.8 Spellcasting
 + Level 1.5 Conjurations
   Level 0.7 Transmutations
 * Level 5.4 Earth Magic


You had 5 spell levels left.
You knew the following spells:

 Your Spells              Type           Power        Failure   Level  Hunger
a - Sandblast             Erth           ###...       1%          1    #......
b - Stone Arrow           Conj/Erth      ##....       14%         3    ###....

Your spell library contained the following spells:

 Spells                   Type           Power        Failure   Level  Hunger
 Passwall                 Tmut/Erth      ##......     9%          2    ##.....
 Petrify                  Tmut/Erth      ##......     47%         4    #####..
 Confusing Touch          Hex            #.......     50%         3    ###....
 Gell's Gravitas          Tloc           #.........   50%         3    ###....
 Lee's Rapid Deconstruct  Erth           ###.......   50%         5    ######.
 Metabolic Englaciation   Hex/Ice        #.........   99%         5    ######.
 Yara's Violent Unravell  Hex/Tmut       #.........   99%         5    ######.


Dungeon Overview and Level Annotations

Branches:
Dungeon (4/15)
 Temple: D:4-7

Altars:
Uskayaw

Annotations:
D:4 Pikel


Innate Abilities, Weirdness & Mutations

You are resistant to torment.
Your stone body is resilient. (AC +4)
You are immune to poison.
You resist negative energy. (rN+)
You are resistant to electric shocks. (rElec)
You can survive without breathing.
You are immune to petrification.
You are immune to rotting.


Message History

The slave hits you.
You hit Pikel but do no damage.
Pikel is moderately wounded.
Pikel hits you but does no damage. The slave hits you.
You barely miss Pikel.
Pikel is moderately wounded.
Pikel hits you but does no damage. The slave closely misses you.
Pikel hits you with a +2 whip of electrocution.
You miss Pikel.
Pikel is moderately wounded.
The slave hits you but does no damage.
Pikel hits you with a +2 whip of electrocution!
* * * LOW HITPOINT WARNING * * *
The slave hits you but does no damage.
You sock Pikel!
Pikel is heavily wounded.
Pikel hits you with a +2 whip of electrocution.
* * * LOW HITPOINT WARNING * * *
The slave hits you.
You die...

#### ..#
##############.#######
..........<#.........p
#............#.#######
##..............p#
.....#########.#K#
####.# #.#@# #.# #.#p#
#.# #.#p#
#.#########.#a#
#...........#.$
###############


You could see Pikel, 3 slaves and a worker ant.

Vanquished Creatures
  A slave (D:3)
  Crazy Yiuf (D:3)
  4 adders
  3 worms (D:3)
  3 leopard geckos
  2 orcs (D:3)
  7 bats
  5 giant cockroaches
  10 hobgoblins
  7 frilled lizards
  8 goblins
  13 kobolds
  8 rats
72 creatures vanquished.

Notes
Turn   | Place    | Note
-------+----------+-------------------------------------------
     0 | D:1      | BeowulfAlex the Gargoyle Earth Elementalist began the quest
                  | for the Orb.
     0 | D:1      | Reached XP level 1. HP: 10/10 MP: 3/3
   623 | D:1      | Reached skill level 4 in Earth Magic
   623 | D:1      | Reached XP level 2. HP: 11/16 MP: 5/5
   819 | D:1      | Reached skill level 1 in Fighting
  1083 | D:1      | Reached XP level 3. HP: 11/20 MP: 6/6
  1088 | D:1      | Learned a level 3 spell: Stone Arrow
  2477 | D:2      | Reached XP level 4. HP: 25/25 MP: 7/7
  2578 | D:3      | Reached skill level 1 in Conjurations
  2641 | D:3      | Reached skill level 5 in Earth Magic
  3264 | D:3      | Reached XP level 5. HP: 28/30 MP: 9/9
  3303 | D:3      | Found a runed translucent door.
  3304 | D:3      | Noticed Crazy Yiuf
  3322 | D:3      | Killed Crazy Yiuf
  3748 | D:3      | Found a hide-covered altar of Uskayaw.
  3946 | D:4      | Noticed a slave
  3946 | D:4      | Noticed a slave
  3961 | D:3      | Killed a slave
  4037 | D:4      | Noticed Pikel
  4041 | D:4      | Noticed a slave
  4046 | D:4      | Noticed a slave
  4060 | D:4      | HP: 1/30 [Pikel/+2 whip of electrocution (4)]
  4060 | D:4      | Slain by a slave

Levels and vault maps discovered:
D:1:      wheals_arrival_linesprint, layout_basic
D:2:      layout_basic, minmay_tripent
D:3:      layout_basic, marbit_many_paths, uniq_crazy_yiuf_cottage
D:4:      layout_basic, biasface_ghost_orc_armoury, first_ration,
          makhleb_blood_cavern_becter, uniq_pikel

Skill      XL: |  1  2  3  4  5 |
---------------+----------------+-----
Earth Magic    | 4 5 |  5.4
Fighting       | 1 2 |  2.1
Conjurations   | 1 |  1.5
Dodging        | |  1.5
Stealth        | |  2.1
Spellcasting   | |  2.8
Transmutations | |  0.7

Action                   |  1- 3 |  4- 6 || total
-------------------------+-------+-------++-------
Melee: Unarmed           |    62 |       ||    62
       Short sword       |   118 |       ||   118
       Mace              |    12 |   126 ||   138
 Cast: Sandblast         |    12 |    25 ||    37
       Stone Arrow       |       |     2 ||     2
  Use: Potion            |       |     5 ||     5
       Scroll            |       |     3 ||     3
 Stab: Distracted        |     1 |       ||     1
       Sleeping          |       |     2 ||     2
  Eat: Chunk             |     5 |     4 ||     9
Armor: Robe              |    77 |    67 ||   144
Dodge: Dodged            |   148 |   107 ||   255

Table legend:
 A = Non-vault XP
 B = Vault XP
 C = Vault XP percentage of total XP
 D = Non-vault monster count
 E = Vault monster count
 F = Vault count percentage of total count
                 A         B        C        D         E       F
            +---------+---------+-------+---------+---------+-------
      Total |     164 |      50 |  23.4 |      67 |       4 |   5.6
            +---------+---------+-------+---------+---------+-------
        D:1 |      36 |       0 |   0.0 |      22 |       0 |   0.0
        D:2 |      54 |       2 |   3.6 |      20 |       2 |   9.1
        D:3 |      74 |      48 |  39.3 |      25 |       2 |   7.4
            +---------+---------+-------+---------+---------+-------
